[Event "Titled Tuesday Blitz November 07 Early 2023"]
[White "MKlose11"]
[Black "Goltseva, Ekaterina"]
[BlackFideId "24173770"]
[WhiteElo "2709"]
[BlackElo "2542"]
[Result "1/2-1/2"]
[Round "6"]
[TimeControl "180+1"]
[Date "2023.11.07"]
[WhiteClock "0:00:05"]
[BlackClock "0:00:05"]
[Board "72"]

1. e4 e6 2. d4 d5 3. Nc3 a6 4. Bd3 Nf6 5. e5 Nfd7 6. Nce2 c5 7. c3 Nc6 8. f4 b5 9. Nf3 Qb6 10. O-O f5 11. exf6 Nxf6 12. Be3 Bd6 13. Qd2 Ng4 14. Ng5 g6 15. h3 Nxe3 16. Qxe3 O-O 17. Nxe6 Re8 18. f5 cxd4 19. cxd4 Bxe6 20. fxe6 Nxd4 21. Nxd4 Bc5 22. Qf3 Bxd4+ 23. Kh1 Qxe6 24. Rad1 Bxb2 25. Bc2 Rad8 26. Bb3 Kg7 27. Rxd5 Rxd5 28. Bxd5 Qf6 29. Qd3 Qd4 30. Qb3 Bc3 31. Bc6 Re7 32. Bf3 b4 33. Qa4 Qd6 34. Qc2 Re1 35. Rxe1 Bxe1 36. Qe4 Bc3 37. g4 Be5 38. Kg2 a5 39. Qb7+ Kh6 40. Qd5 Qxd5 41. Bxd5 a4 42. Bc4 Kg5 43. Kf3 h6 44. Bf7 Bc3 45. Bc4 Kf6 46. Bd5 Kg5 47. Bc4 Kh4 48. Kg2 Kg5 49. Kf3 1/2-1/2


[Site "https://www.chess.com"]

[Event "Titled Tuesday Blitz November 07 Early 2023"]
[White "Akhmedinov, Satbek"]
[Black "Slade, Theodore"]
[WhiteFideId "13714287"]
[BlackFideId "426547"]
[WhiteElo "2706"]
[BlackElo "2539"]
[Result "1-0"]
[Round "6"]
[TimeControl "180+1"]
[Date "2023.11.07"]
[WhiteClock "0:01:58"]
[BlackClock "0:01:14"]
[Board "73"]

1. e4 e5 2. Nf3 Nc6 3. Bc4 Bc5 4. c3 Nf6 5. d3 d6 6. O-O O-O 7. h3 Bb6 8. Re1 Ne7 9. d4 exd4 10. cxd4 Ng6 11. Nc3 c6 12. e5 Nh5 13. Bg5 Qc7 14. Nh4 Nhf4 15. Nxg6 Nxg6 16. Qh5 Bxd4 17. exd6 Qxd6 18. Ne4 Qc7 19. Rad1 Qb6 20. Be3 Bxe3 21. Rxe3 Be6 22. Ng5 h6 23. Nxe6 fxe6 24. Qxg6 Qxb2 25. Bxe6+ Kh8 26. Bf5 Kg8 27. Qh7+ Kf7 28. Rd7+ Kf6 29. Qg6# 1-0


[Site "https://www.chess.com"]

[Event "Titled Tuesday Blitz November 07 Early 2023"]
[White "Hasangatin, Ramil"]
[Black "Mihailidis, Anastasios"]
[WhiteFideId "4122160"]
[BlackFideId "4205588"]
[WhiteElo "2704"]
[BlackElo "2538"]
[Result "1-0"]
[Round "6"]
[TimeControl "180+1"]
[Date "2023.11.07"]
[WhiteClock "0:02:28"]
[BlackClock "0:00:52"]
[Board "74"]

1. d4 d5 2. Nc3 Nf6 3. Bg5 e6 4. e4 dxe4 5. Nxe4 Be7 6. Bxf6 Bxf6 7. Nf3 O-O 8. c3 c6 9. Bd3 h6 10. Qc2 Nd7 11. O-O-O a5 12. g4 e5 13. h4 exd4 14. g5 dxc3 15. gxf6 cxb2+ 16. Qxb2 Nxf6 17. Nxf6+ Qxf6 18. Qxf6 gxf6 19. Rhg1+ Kh8 20. Nd4 Rd8 21. Nc2 Be6 22. Kb2 b5 23. Be4 Rdc8 24. Rd6 f5 25. Bxc6 Ra6 26. Nd4 a4 27. a3 b4 28. axb4 a3+ 29. Ka1 a2 30. b5 Rb6 31. Nxe6 fxe6 32. Rxe6 Kh7 33. Kxa2 Rd8 34. Kb3 Rd4 35. h5 Rb8 36. Re7+ Kh8 37. Rg6 Rbd8 38. Re8+ Rxe8 39. Bxe8 Kh7 40. b6 Rd1 41. Bb5 Rb1+ 42. Kc4 Rc1+ 43. Kb4 Rb1+ 44. Kc5 Rc1+ 45. Bc4 Rb1 46. Rc6 Kg7 47. f4 Rb2 48. Rc7+ Kf6 49. Rf7# 1-0


[Site "https://www.chess.com"]

[Event "Titled Tuesday Blitz November 07 Early 2023"]
[White "Shubenkova, Veronika"]
[Black "NovozhilovSemen"]
[WhiteFideId "44124040"]
[WhiteElo "2533"]
[BlackElo "2697"]
[Result "0-1"]
[Round "6"]
[TimeControl "180+1"]
[Date "2023.11.07"]
[WhiteClock "0:00:05"]
[BlackClock "0:00:14"]
[Board "75"]

1. d4 Nf6 2. e3 e6 3. f4 d5 4. Nf3 Bd6 5. Bd3 c5 6. c3 Nc6 7. O-O Qc7 8. Ne5 g5 9. fxg5 Bxe5 10. dxe5 Nd7 11. Qh5 Ndxe5 12. Bc2 Bd7 13. Na3 Qb6 14. Rb1 O-O-O 15. Bd2 Kb8 16. Kh1 Ka8 17. e4 d4 18. Ba4 Ne7 19. Bxd7 Rxd7 20. cxd4 cxd4 21. Bf4 N7g6 22. Bg3 d3 23. b3 Qa5 24. Nc4 Nxc4 25. bxc4 d2 26. Qf3 Rhd8 27. Bf2 Ne5 28. Qe2 Qa4 29. Rfd1 Qxc4 30. Qe3 Nc6 31. Bg1 Rd3 32. Qf4 e5 33. Qf6 Qxe4 34. Qxf7 R3d7 35. Qf6 Qd5 36. a4 e4 37. a5 Qe5 38. Qf2 a6 39. Rb6 e3 40. Qxe3 Qxe3 41. Bxe3 Nxa5 42. Bf4 Rd3 43. g3 Nc4 44. Rb4 Ne3 45. Bxe3 Rxe3 46. Rbb1 Re2 47. Kg1 Rf8 48. h4 Rff2 49. h5 Rg2+ 50. Kh1 Rxg3 51. Rf1 Rxg5 52. Rf8+ Ka7 53. Rf7 Re1+ 54. Kh2 Rxb1 55. h6 Rh1+ 56. Kxh1 d1=Q+ 57. Kh2 Qh5# 0-1


[Site "https://www.chess.com"]

[Event "Titled Tuesday Blitz November 07 Early 2023"]
[White "Harikrishnan.A.Ra"]
[Black "Rietze, Clemens, Dr."]
[WhiteFideId "5081483"]
[BlackFideId "24620351"]
[WhiteElo "2693"]
[BlackElo "2532"]
[Result "1-0"]
[Round "6"]
[TimeControl "180+1"]
[Date "2023.11.07"]
[WhiteClock "0:00:06"]
[BlackClock "0:00:00"]
[Board "77"]

1. e4 c5 2. Nf3 Nc6 3. Bb5 e6 4. Bxc6 bxc6 5. O-O f6 6. d4 cxd4 7. Nxd4 Ne7 8. c4 Ng6 9. Nc3 Be7 10. b3 O-O 11. Be3 a6 12. Qd2 Qc7 13. Rad1 c5 14. Nf5 exf5 15. Qd5+ Kh8 16. Qxa8 Bb7 17. Qa7 Ra8 18. Nd5 Rxa7 19. Nxc7 f4 20. Bc1 Bxe4 21. Nd5 Bf8 22. Rfe1 Bf5 23. Nxf4 Ne5 24. Nd5 Kg8 25. Bf4 Nd3 26. Re8 Kf7 27. Rb8 g5 28. Be3 Bd6 29. Rb6 Be5 30. f3 h5 31. Rf1 Be6 32. f4 gxf4 33. Nxf4 Nxf4 34. Bxf4 Bd4+ 35. Kh1 h4 36. Rb8 h3 37. gxh3 Bxh3 38. Re1 Be6 39. Kg2 a5 40. a4 Kg6 41. Kf3 Kf7 42. h4 Ra6 43. h5 Bf5 44. h6 Re6 45. Rxe6 dxe6 46. Rb7+ Kg8 47. Rg7+ Kh8 48. Bc7 e5 49. Bxa5 Bc2 50. Bd8 e4+ 51. Kf4 Be5+ 52. Kg4 Bxb3 53. Kf5 e3 54. Bxf6 Bxf6 55. Kxf6 Bxa4 56. Re7 Bb3 57. Kg6 Bc2+ 58. Kg5 Bd3 59. h7 Bxc4 60. Kh6 e2 61. Re8+ 1-0


[Site "https://www.chess.com"]

[Event "Titled Tuesday Blitz November 07 Early 2023"]
[White "Hua, Lefong"]
[Black "Pham, Le Thao Nguyen"]
[WhiteFideId "2602253"]
[BlackFideId "12401226"]
[WhiteElo "2691"]
[BlackElo "2531"]
[Result "1-0"]
[Round "6"]
[TimeControl "180+1"]
[Date "2023.11.07"]
[WhiteClock "0:00:56"]
[BlackClock "0:00:06"]
[Board "78"]

1. d4 Nf6 2. c4 e6 3. Nc3 Bb4 4. f3 d5 5. a3 Bxc3+ 6. bxc3 O-O 7. cxd5 exd5 8. e3 c5 9. Bd3 b6 10. Ne2 Ba6 11. O-O Bxd3 12. Qxd3 Re8 13. Ng3 Nc6 14. Bb2 h5 15. Rae1 c4 16. Qc2 h4 17. Nf5 Nh5 18. e4 g6 19. Ne3 Ne7 20. e5 Kg7 21. Bc1 Nf4 22. Ng4 Nd3 23. Bh6+ Kh7 24. Qd2 Ng8 25. Bg5 Qd7 26. Bxh4 Nxe1 27. Qxe1 Qf5 28. Ne3 Qh5 29. Nxd5 Rac8 30. f4 Rc6 31. Ne3 b5 32. g4 Qh6 33. Bg5 Qg7 34. Qh4+ Nh6 35. Bf6 Qf8 36. g5 Rxf6 37. gxf6 Kg8 38. f5 Rc8 39. Qg5 a6 40. fxg6 fxg6 41. Qxg6+ Kh8 42. Rf3 Qg8 43. Rg3 Qxg6 44. Rxg6 Nf7 45. e6 Nd6 46. Kg2 1-0


[Site "https://www.chess.com"]

[Event "Titled Tuesday Blitz November 07 Early 2023"]
[White "Koellner, Ruben Gideon"]
[Black "Alinasab, Mobina"]
[WhiteFideId "12993093"]
[BlackFideId "12528897"]
[WhiteElo "2686"]
[BlackElo "2531"]
[Result "1-0"]
[Round "6"]
[TimeControl "180+1"]
[Date "2023.11.07"]
[WhiteClock "0:01:46"]
[BlackClock "0:00:35"]
[Board "79"]

1. d4 Nf6 2. Nf3 e6 3. Nbd2 d5 4. e3 c5 5. c3 Nc6 6. Bd3 Bd6 7. O-O O-O 8. dxc5 Bxc5 9. b4 Bd6 10. Bb2 e5 11. e4 dxe4 12. Nxe4 Nxe4 13. Bxe4 Qe7 14. a3 Be6 15. Qc2 f5 16. Bxc6 bxc6 17. c4 e4 18. Nd4 Bd7 19. c5 Bc7 20. Rad1 Rad8 21. Rfe1 Qh4 22. g3 Qh6 23. Bc1 Qg6 24. Ne2 Qf7 25. Bf4 Be6 26. Bxc7 Qxc7 27. Nf4 Bf7 28. h4 Rxd1 29. Rxd1 Rd8 30. a4 a5 31. Rxd8+ Qxd8 32. b5 cxb5 33. axb5 Qd4 34. c6 e3 35. c7 exf2+ 36. Qxf2 Qd1+ 37. Kh2 Qc1 38. b6 a4 39. Nd3 Qc4 40. Nc5 Be6 41. Nxe6 a3 42. b7 1-0


[Site "https://www.chess.com"]

[Event "Titled Tuesday Blitz November 07 Early 2023"]
[White "Toktomushev, Teimur"]
[Black "Godzwon, Iwo"]
[WhiteFideId "14176726"]
[BlackFideId "21802483"]
[WhiteElo "2529"]
[BlackElo "2681"]
[Result "0-1"]
[Round "6"]
[TimeControl "180+1"]
[Date "2023.11.07"]
[WhiteClock "0:00:00"]
[BlackClock "0:01:10"]
[Board "80"]

1. d4 d5 2. c4 c6 3. Nc3 Nf6 4. e3 e6 5. Nf3 Nbd7 6. Qc2 Bd6 7. Bd3 O-O 8. O-O Qe7 9. h3 h6 10. c5 Bc7 11. e4 dxe4 12. Nxe4 Nxe4 13. Bxe4 e5 14. Re1 Kh8 15. b4 exd4 16. Bb2 Ne5 17. Nxd4 Qg5 18. Kh1 Qf4 19. g3 Qg5 20. Bf5 Nf3 21. Nxf3 Qxf5 22. Qxf5 Bxf5 23. Re7 Rac8 24. Rae1 Bxh3 25. Ne5 Kg8 26. Nd7 Rfd8 27. Ne5 Be6 28. f4 Re8 29. Rxe8+ Rxe8 30. Nd3 Bd5+ 0-1


[Site "https://www.chess.com"]

[Event "Titled Tuesday Blitz November 07 Early 2023"]
[White "Dushyant Sharma"]
[Black "Ovetchkin, Roman"]
[WhiteFideId "25065130"]
[BlackFideId "4119991"]
[WhiteElo "2527"]
[BlackElo "2677"]
[Result "0-1"]
[Round "6"]
[TimeControl "180+1"]
[Date "2023.11.07"]
[WhiteClock "0:00:47"]
[BlackClock "0:00:38"]
[Board "81"]

1. e4 c6 2. d4 d5 3. exd5 cxd5 4. c3 Nf6 5. Bd3 Nc6 6. h3 g6 7. Nf3 Bf5 8. O-O Bg7 9. Bxf5 gxf5 10. Ne5 Qb6 11. f4 e6 12. Qb3 h5 13. Nd2 Qc7 14. Qd1 O-O-O 15. b3 Kb8 16. Bb2 h4 17. Ndf3 Ne4 18. c4 Nxe5 19. fxe5 dxc4 20. bxc4 Qxc4 21. Rc1 Qd5 22. Qa4 Bh6 23. Rb1 Be3+ 24. Kh2 Rc8 25. Ba3 Rc4 26. Qb3 Rc3 27. Qa4 Rg8 28. Rb5 Rxa3 29. Qb4 Rxa2 30. Ne1 Qxd4 31. Rxb7+ Ka8 32. Qe7 Qxe5+ 33. Kh1 Ng3+ 0-1


[Site "https://www.chess.com"]

[Event "Titled Tuesday Blitz November 07 Early 2023"]
[White "Bettalli, Francesco"]
[Black "Yen, William"]
[WhiteFideId "2816453"]
[BlackFideId "30932025"]
[WhiteElo "2522"]
[BlackElo "2676"]
[Result "1-0"]
[Round "6"]
[TimeControl "180+1"]
[Date "2023.11.07"]
[WhiteClock "0:00:16"]
[BlackClock "0:00:00"]
[Board "82"]

1. d4 e6 2. e4 d5 3. Bd3 dxe4 4. Bxe4 Nf6 5. Bf3 c5 6. Ne2 Be7 7. Be3 O-O 8. dxc5 Qc7 9. Qd4 Nc6 10. Qa4 Ne5 11. b4 Nxf3+ 12. gxf3 Bd7 13. Qb3 Bc6 14. Nd4 Rfd8 15. Nd2 Be8 16. O-O-O a5 17. c3 axb4 18. cxb4 b6 19. c6 Bxc6 20. Nxc6 Qxc6+ 21. Kb1 Ra4 22. a3 Rda8 23. Nc4 Qxf3 24. Kb2 Nd5 25. Bd4 Qe2+ 26. Rd2 Qg4 27. f3 Qg6 28. Rg1 Bxb4 29. Rxg6 hxg6 30. axb4 Rxb4 31. Qxb4 Nxb4 32. Nxb6 Ra2+ 33. Kc3 Rxd2 34. Kxd2 f6 35. Bc3 Nc6 36. Ke3 g5 37. Nc4 Kf7 38. Na5 Nxa5 39. Bxa5 Kg6 40. Bd8 Kh5 41. Be7 g4 42. f4 Kh4 43. Bf8 g5 44. Bd6 gxf4+ 45. Kxf4 1-0


[Site "https://www.chess.com"]

[Event "Titled Tuesday Blitz November 07 Early 2023"]
[White "Tifferet, Shaked"]
[Black "Mamedov, Edgar"]
[WhiteFideId "2811529"]
[BlackFideId "13739980"]
[WhiteElo "2521"]
[BlackElo "2674"]
[Result "0-1"]
[Round "6"]
[TimeControl "180+1"]
[Date "2023.11.07"]
[WhiteClock "0:00:00"]
[BlackClock "0:00:30"]
[Board "83"]

1. d4 d5 2. Nc3 Nf6 3. Bf4 c5 4. e4 Nxe4 5. Nxe4 dxe4 6. dxc5 Qa5+ 7. Qd2 Qxc5 8. O-O-O Nc6 9. f3 g6 10. fxe4 Bg7 11. Nf3 O-O 12. Kb1 Be6 13. a3 Rad8 14. Bd3 Qb6 15. Qc1 Rc8 16. Be3 Qc7 17. Bf4 Qa5 18. Bd2 Qa4 19. Rhe1 b5 20. Bh6 b4 21. Bxg7 Kxg7 22. Ng5 Bg4 23. Rd2 bxa3 24. b3 Qa5 25. h3 Qxg5 26. hxg4 Nb4 27. Rdd1 a2+ 28. Ka1 Qxg4 29. Bc4 Qxg2 30. Re2 Qg3 31. c3 Nc6 32. Rh1 h5 33. Rg1 Qe5 34. Rg5 Qf6 35. e5 Qf3 36. Re3 Qf4 37. Qg1 Na5 38. Bxf7 Qxf7 39. e6 Qf1+ 40. Qxf1 Rxf1+ 41. Kxa2 Nc6 42. Reg3 Rf6 43. Rc5 Rxe6 0-1


[Site "https://www.chess.com"]

[Event "Titled Tuesday Blitz November 07 Early 2023"]
[White "Bilan, Danila"]
[Black "Chinguun, Sumiya"]
[WhiteFideId "24161918"]
[BlackFideId "4902572"]
[WhiteElo "2518"]
[BlackElo "2673"]
[Result "0-1"]
[Round "6"]
[TimeControl "180+1"]
[Date "2023.11.07"]
[WhiteClock "0:00:03"]
[BlackClock "0:01:35"]
[Board "84"]

1. d4 Nf6 2. Nf3 g6 3. Bg5 Bg7 4. c3 O-O 5. Nbd2 d5 6. e3 Nbd7 7. Bd3 Qe8 8. O-O e5 9. dxe5 Nxe5 10. Nxe5 Qxe5 11. Nf3 Qe7 12. h3 h6 13. Bh4 c5 14. c4 Be6 15. cxd5 Bxd5 16. e4 Bxe4 17. Bxf6 Bxf6 18. Re1 Bxf3 19. Qxf3 Qd6 20. Rad1 Bd4 21. b3 b6 22. Bc4 Rad8 23. a4 Qf6 24. Qxf6 Bxf6 25. g3 Kg7 26. Kg2 h5 27. Kf3 Rd4 28. Rxd4 cxd4 29. Ke2 h4 30. g4 Rc8 31. Kd3 a6 32. Kd2 b5 33. axb5 axb5 34. Bxb5 Rc3 35. Bd3 Bg5+ 36. Ke2 Rxb3 37. Rb1 Ra3 38. Rb7 Kf8 39. Bc4 Rxh3 40. Rxf7+ Ke8 41. Rg7 Bf4 42. Rxg6 Rh1 43. Rg8+ Ke7 44. Rh8 h3 45. Kf3 Be5 46. Rh7+ Kf8 47. g5 h2 48. g6 Rg1 49. Rf7+ Ke8 50. Bb5+ Kd8 51. Rc7 h1=Q+ 0-1


[Site "https://www.chess.com"]

[Event "Titled Tuesday Blitz November 07 Early 2023"]
[White "arenal72"]
[Black "amanmuhammethommadov"]
[WhiteElo "2517"]
[BlackElo "2668"]
[Result "0-1"]
[Round "6"]
[TimeControl "180+1"]
[Date "2023.11.07"]
[WhiteClock "0:00:04"]
[BlackClock "0:01:22"]
[Board "85"]

1. Nf3 Nf6 2. g3 g6 3. Bg2 Bg7 4. O-O O-O 5. d4 d6 6. c4 c6 7. Nc3 Bf5 8. b4 Ne4 9. Bb2 d5 10. cxd5 cxd5 11. e3 Nc6 12. a3 Rc8 13. Nxe4 Bxe4 14. Nd2 Bxg2 15. Kxg2 Qd7 16. Nb3 b6 17. Qd3 e6 18. Rac1 Ne7 19. b5 Nf5 20. a4 Nd6 21. Ba3 Rfd8 22. Nd2 Bf8 23. Bxd6 Qxd6 24. Qb3 Qa3 25. Rxc8 Rxc8 26. Qxa3 Bxa3 27. Ra1 Bb4 28. Nf3 f6 29. g4 g5 30. h3 Kf7 31. Kf1 Rc2 32. Ne1 Rd2 33. Nf3 Rb2 34. Ne1 Bxe1 35. Kxe1 Kg6 36. Kf1 h5 37. Kg2 f5 38. gxf5+ Kxf5 39. Kf3 e5 40. dxe5 Kxe5 41. Rg1 Kf5 42. Rd1 Ke6 43. Rd4 Rc2 44. h4 Rc4 45. hxg5 Rxd4 46. exd4 Kf5 47. g6 Kxg6 48. Kf4 Kf6 49. f3 Kg6 50. Ke5 h4 51. Kxd5 h3 52. Kc6 h2 53. Kb7 h1=Q 54. Kxa7 Qxf3 55. Kxb6 Qd5 56. a5 Qxd4+ 57. Kb7 Qd7+ 58. Kb6 Qd8+ 59. Ka6 Qa8+ 60. Kb6 Kf6 61. a6 Ke6 62. Ka5 Kd6 63. b6 Kc5 64. b7 Qd8+ 65. Ka4 Qb6 0-1


[Site "https://www.chess.com"]

[Event "Titled Tuesday Blitz November 07 Early 2023"]
[White "Ziatdinov, Raset"]
[Black "Degenbaev, Aziz"]
[WhiteFideId "2015323"]
[BlackFideId "13802640"]
[WhiteElo "2514"]
[BlackElo "2666"]
[Result "1-0"]
[Round "6"]
[TimeControl "180+1"]
[Date "2023.11.07"]
[WhiteClock "0:01:53"]
[BlackClock "0:01:31"]
[Board "86"]

1. e4 e6 2. d4 d5 3. Nc3 Nc6 4. Nf3 Nf6 5. Bg5 Be7 6. Bxf6 Bxf6 7. e5 Be7 8. Bd3 Nb4 9. O-O Nxd3 10. Qxd3 O-O 11. Ne2 b6 12. Nf4 a5 13. Rfe1 c5 14. Nh5 Ba6 15. Qe3 cxd4 16. Nxd4 Bg5 17. Qg3 Bh6 18. h4 Rc8 19. Re3 g6 20. Nf6+ Kh8 21. h5 g5 22. Ng4 Kg7 23. Rf3 Rc4 24. c3 Bc8 25. Rf6 1-0


[Site "https://www.chess.com"]

[Event "Titled Tuesday Blitz November 07 Early 2023"]
[White "Krzywda, Andrzej"]
[Black "Kleiman, Jake"]
[WhiteFideId "1114565"]
[BlackFideId "2020041"]
[WhiteElo "2510"]
[BlackElo "2657"]
[Result "0-1"]
[Round "6"]
[TimeControl "180+1"]
[Date "2023.11.07"]
[WhiteClock "0:00:00"]
[BlackClock "0:00:20"]
[Board "87"]

1. e4 e5 2. Nf3 Nc6 3. Bb5 a6 4. Ba4 Nf6 5. O-O b5 6. Bb3 Bc5 7. a4 Rb8 8. c3 d6 9. d4 Bb6 10. a5 Ba7 11. h3 h6 12. dxe5 Nxe5 13. Nxe5 dxe5 14. Qxd8+ Kxd8 15. Nd2 Ke7 16. Nf3 Nd7 17. Re1 Bb7 18. Bc2 g5 19. Nh2 Nc5 20. Ng4 f6 21. Ne3 Rbd8 22. Nf5+ Kf7 23. b4 Nd3 24. Bb3+ Kg6 25. Ne7+ Kg7 26. Nf5+ Kh7 27. Rd1 Nxf2 28. Be3 Bxe3 29. Rxd8 Rxd8 30. Nxe3 Nxe4 31. Bc2 Kg7 32. Nf5+ Kg6 33. Rf1 Rd2 34. Bb1 Kf7 35. Nxh6+ Ke6 36. Ng4 f5 37. Ne3 f4 38. Ng4 Ng3 39. Nf2 Nxf1 40. Kxf1 e4 0-1


[Site "https://www.chess.com"]

[Event "Titled Tuesday Blitz November 07 Early 2023"]
[White "Santos Flores, Alberto"]
[Black "Melian, Juan Sebastian"]
[WhiteFideId "3601234"]
[BlackFideId "3706575"]
[WhiteElo "2508"]
[BlackElo "2655"]
[Result "0-1"]
[Round "6"]
[TimeControl "180+1"]
[Date "2023.11.07"]
[WhiteClock "0:00:51"]
[BlackClock "0:00:13"]
[Board "88"]

1. e4 c5 2. Nf3 e6 3. g3 Nc6 4. Bg2 Nf6 5. Qe2 e5 6. c3 Be7 7. O-O O-O 8. Rd1 d5 9. exd5 Qxd5 10. d3 Re8 11. Na3 Qd8 12. Nc4 Bf8 13. a4 Qc7 14. Bg5 Nd7 15. h4 h6 16. Be3 Nf6 17. Nfd2 Bg4 18. Bf3 Bxf3 19. Qxf3 Rad8 20. Bxh6 Qd7 21. Bg5 Qxd3 22. Qxd3 Rxd3 23. Bxf6 gxf6 24. Ne4 Rxd1+ 25. Rxd1 Kg7 26. Rd7 Re7 27. Nxc5 b6 28. Rxe7 Bxe7 29. Nd3 Kg6 30. Kg2 Kf5 31. f3 Ke6 32. h5 Bf8 33. g4 f5 34. Ne3 fxg4 35. fxg4 Ne7 36. Kf3 Bh6 37. Nf2 Bxe3 38. Kxe3 f5 39. g5 Nd5+ 40. Ke2 Nf4+ 41. Kf3 Nxh5 42. c4 e4+ 43. Nxe4 fxe4+ 44. Kxe4 Ng7 45. b4 Kd6 46. Kd4 Ne6+ 47. Kc3 Nxg5 48. a5 bxa5 49. bxa5 Kc5 50. Kb3 Ne4 51. Ka4 Nd6 52. a6 Nxc4 53. Kb3 Kb5 54. Kc3 Nb6 55. Kb3 Nd5 56. Ka3 Kxa6 57. Ka4 Kb6 58. Kb3 Kb5 59. Ka3 a5 60. Kb3 a4+ 61. Ka3 Nb6 62. Kb2 Kb4 63. Ka2 a3 64. Ka1 Kb3 65. Kb1 Nd5 66. Ka1 Nb4 67. Kb1 a2+ 0-1


[Site "https://www.chess.com"]

[Event "Titled Tuesday Blitz November 07 Early 2023"]
[White "Kanyamarala, Trisha"]
[Black "HamedWafa4"]
[WhiteFideId "45004722"]
[WhiteElo "2494"]
[BlackElo "2655"]
[Result "1-0"]
[Round "6"]
[TimeControl "180+1"]
[Date "2023.11.07"]
[WhiteClock "0:01:23"]
[BlackClock "0:00:43"]
[Board "89"]

1. c4 e5 2. Nc3 Nf6 3. g3 Bb4 4. Bg2 O-O 5. Nf3 Bxc3 6. dxc3 d6 7. O-O Re8 8. Qc2 Be6 9. b3 Qc8 10. Rd1 a5 11. a4 Na6 12. Ba3 Bf5 13. Qa2 b6 14. b4 Be4 15. c5 bxc5 16. b5 Nb8 17. Ng5 Bxg2 18. Qxf7+ Kh8 19. Kxg2 h6 20. h4 Qe6 21. Nxe6 1-0


[Site "https://www.chess.com"]

[Event "Titled Tuesday Blitz November 07 Early 2023"]
[White "Skliarov, Viktor"]
[Black "Pinto, Daniel"]
[WhiteFideId "14106736"]
[BlackFideId "3303144"]
[WhiteElo "2655"]
[BlackElo "2489"]
[Result "1-0"]
[Round "6"]
[TimeControl "180+1"]
[Date "2023.11.07"]
[WhiteClock "0:00:07"]
[BlackClock "0:00:00"]
[Board "90"]

1. e4 e5 2. Nc3 Nc6 3. Bc4 Nf6 4. d3 Bb4 5. Bd2 Na5 6. Bb3 Nxb3 7. axb3 Be7 8. Nge2 O-O 9. f4 exf4 10. Nxf4 d6 11. O-O c6 12. h3 Re8 13. Qf3 Be6 14. Be3 c5 15. Nxe6 fxe6 16. e5 dxe5 17. Qxb7 Qb6 18. Qf3 Rf8 19. Qe2 Nd5 20. Ne4 a5 21. Nd2 Rxf1+ 22. Rxf1 a4 23. Nc4 Qc7 24. bxa4 Rxa4 25. Qh5 g6 26. Qf3 Bf6 27. Bg5 Bg7 28. b3 Ra8 29. Qe4 Rf8 30. Rxf8+ Kxf8 31. Bd2 Qf7 32. Ne3 Qf4 33. Nxd5 Qxe4 34. dxe4 exd5 35. exd5 Ke7 36. c4 e4 37. Kf2 Bd4+ 38. Be3 Kd6 39. Ke2 Ke5 40. Bh6 Kd6 41. Bf8+ Ke5 42. Be7 Kf5 43. b4 cxb4 44. Bxb4 Ke5 45. Bf8 Kf5 46. c5 h5 47. c6 Be5 48. d6 Ke6 49. d7 Bc7 50. Bh6 Bd8 51. Bf4 g5 52. c7 Kxd7 53. cxd8=Q+ 1-0


[Site "https://www.chess.com"]

[Event "Titled Tuesday Blitz November 07 Early 2023"]
[White "vishwa_vijeta"]
[Black "Dowgird, Filip"]
[BlackFideId "1121235"]
[WhiteElo "2483"]
[BlackElo "2654"]
[Result "0-1"]
[Round "6"]
[TimeControl "180+1"]
[Date "2023.11.07"]
[WhiteClock "0:00:00"]
[BlackClock "0:00:04"]
[Board "91"]

1. e4 d6 2. d4 Nf6 3. Nc3 c6 4. Be3 Qb6 5. a3 Ng4 6. Bg5 h6 7. Bh4 g5 8. Bg3 Bg7 9. Nf3 f5 10. exf5 Bxf5 11. Bd3 Bxd3 12. Qxd3 O-O 13. h4 gxh4 14. Rxh4 Nf6 15. O-O-O Kf7 16. Bf4 Rh8 17. Rdh1 Nbd7 18. Bxh6 Bxh6+ 19. Rxh6 Rxh6 20. Rxh6 Rg8 21. g3 Qa5 22. Ne4 Qd5 23. Nxf6 Nxf6 24. c4 Qe6 25. d5 cxd5 26. cxd5 Qg4 27. Rh4 Rc8+ 28. Kb1 Qg6 29. Qxg6+ Kxg6 30. Ra4 a6 31. Rb4 b5 32. Rd4 Rc5 33. Nh4+ Kf7 34. Ng2 Nxd5 35. g4 Nc7 36. f3 Ne6 37. Rd2 Rc4 38. Ne3 Rf4 39. Rh2 Rxf3 40. Nf5 Ng5 41. Re2 Ne6 42. Ka2 Rf4 43. Rh2 Kf6 44. Rh6+ Ke5 45. Nxe7 Rxg4 46. Nc6+ Kd5 47. Ne7+ Ke5 48. Nc6+ Kd5 49. Nb4+ Kc5 50. Rxe6 a5 51. Nd3+ Kd5 0-1


[Site "https://www.chess.com"]

[Event "Titled Tuesday Blitz November 07 Early 2023"]
[White "Yelisieiev, Yevhenii"]
[Black "ploxoi"]
[WhiteFideId "14139642"]
[WhiteElo "2653"]
[BlackElo "2467"]
[Result "0-1"]
[Round "6"]
[TimeControl "180+1"]
[Date "2023.11.07"]
[WhiteClock "0:00:22"]
[BlackClock "0:01:56"]
[Board "92"]

1. d4 d5 2. Nf3 e6 3. c4 c6 4. Nc3 dxc4 5. a4 Bb4 6. e3 b5 7. Bd2 Bb7 8. axb5 Bxc3 9. Bxc3 cxb5 10. b3 a5 11. bxc4 b4 12. Bb2 Nf6 13. Bd3 O-O 14. O-O Nbd7 15. Nd2 Re8 16. c5 Nxc5 17. Bxh7+ Kxh7 18. dxc5 Qd5 19. Qc2+ Kg8 20. Nf3 Ne4 21. Rfc1 Rec8 22. Bd4 Ng5 23. Ne1 Nh3+ 24. Kf1 Ba6+ 25. Nd3 Nf4 26. exf4 Qxd4 27. Ke2 Rxc5 28. Qd2 Rxc1 29. Rxc1 Rd8 30. Rd1 b3 31. Qxa5 Bxd3+ 32. Ke1 Qe4+ 33. Kd2 Qe2+ 34. Kc3 Rc8+ 35. Kxb3 Qxd1+ 36. Ka3 Qa1+ 37. Kb4 Rc4+ 38. Kb5 Qb2+ 39. Ka6 Rc7+ 0-1


[Site "https://www.chess.com"]

[Event "Titled Tuesday Blitz November 07 Early 2023"]
[White "Kislinsky, Alexey"]
[Black "Berezin, Viktor"]
[WhiteFideId "14108801"]
[BlackFideId "14107872"]
[WhiteElo "2642"]
[BlackElo "2461"]
[Result "1-0"]
[Round "6"]
[TimeControl "180+1"]
[Date "2023.11.07"]
[WhiteClock "0:02:00"]
[BlackClock "0:00:59"]
[Board "93"]

1. e4 g6 2. d4 Bg7 3. Nf3 d6 4. h3 Nf6 5. Nc3 O-O 6. Be3 c6 7. Bd3 Nbd7 8. Qd2 e5 9. O-O-O b5 10. Bh6 Qa5 11. Bxg7 Kxg7 12. Kb1 b4 13. Ne2 c5 14. dxe5 Nxe5 15. Nxe5 dxe5 16. Bc4 Ba6 17. Bxa6 Qxa6 18. Ng3 Qa5 19. Qg5 Ng8 20. Qxe5+ f6 21. Rd7+ Kh8 22. Qd6 Rad8 23. Rd1 Rxd7 24. Qxd7 c4 25. h4 b3 26. cxb3 cxb3 27. axb3 Qb6 28. h5 g5 29. Nf5 1-0


[Site "https://www.chess.com"]

[Event "Titled Tuesday Blitz November 07 Early 2023"]
[White "Kuzhylnyi, Oleksandr"]
[Black "ExchangeAB"]
[WhiteFideId "34110500"]
[WhiteElo "2640"]
[BlackElo "2442"]
[Result "1/2-1/2"]
[Round "6"]
[TimeControl "180+1"]
[Date "2023.11.07"]
[WhiteClock "0:00:04"]
[BlackClock "0:00:28"]
[Board "94"]

1. b3 e5 2. Bb2 Nc6 3. e3 a6 4. c4 Nf6 5. Nf3 d6 6. d4 e4 7. Nfd2 Bf5 8. Nc3 g6 9. Be2 Bg7 10. g4 Bd7 11. g5 Ng8 12. Ndxe4 Qe7 13. Nd5 Qd8 14. Bf3 h6 15. h4 hxg5 16. hxg5 Rxh1+ 17. Bxh1 Nce7 18. Ndf6+ Bxf6 19. gxf6 Nc6 20. d5 Ne5 21. Bxe5 dxe5 22. Qf3 Bf5 23. Qg3 Bxe4 24. Qxe5+ Kf8 25. Bxe4 Nxf6 26. Ke2 Nxe4 27. Qxe4 Qf6 28. Qd4 Qxd4 29. exd4 Ke7 30. Rh1 Kf6 31. Kd3 Re8 32. b4 b5 33. c5 Rd8 34. d6 cxd6 35. c6 d5 36. Rc1 Rc8 37. c7 Ke7 38. Rc6 Kd7 39. Rxa6 Rxc7 40. Rb6 Ra7 41. Ke3 Ra3+ 42. Kf4 Rxa2 43. f3 Rd2 44. Ke3 Rc2 45. Rxb5 Ke6 46. Rb6+ Kf5 47. Rd6 Rc3+ 48. Kf2 Rc4 49. Rxd5+ Kf4 50. Rc5 Rxb4 51. Rc2 Rxd4 52. Ra2 Rb4 53. Rc2 f5 54. Ra2 Kg5 55. Kg3 f4+ 56. Kh3 Kh5 57. Ra5+ g5 58. Ra8 Rb1 59. Rh8+ Kg6 60. Rg8+ Kh6 61. Kg4 Rg1+ 62. Kf5 Rg3 63. Rg6+ Kh5 64. Rg8 Kh6 65. Rg6+ Kh5 66. Rg8 Kh6 1/2-1/2


[Site "https://www.chess.com"]